 Dungeon Crawl Stone Soup version 0.29.1-15-g9cfb28693d (webtiles) character file.

Game seed: 10359655578648886151

78 Heoruswealwe the Magician (level 4, -3/24 HPs)
             Began as a Deep Elf Earth Elementalist on Mar 25, 2023.
             Was a Follower of Sif Muna.
             Constricted to death by Terence (5 damage)
             ... on level 3 of the Dungeon.
             The game lasted 00:24:32 (2154 turns).

Heoruswealwe the Magician (DEEE)                    Turns: 2154, Time: 00:24:33

Health: -3/24      AC:  3    Str:  5    XL:     4   Next: 15%
Magic:  6/12       EV:  9    Int: 22    God:    Sif Muna [*.....]
Gold:   100        SH:  5    Dex: 15    Spells: 6/12 levels left

rFire   . . .      SeeInvis .   m - +0 rapier
rCold   . . .      Faith    .   (no shield)
rNeg    . . .      Spirit   .   d - +0 robe
rPois   .          Reflect  +   (no helmet)
rElec   .          Harm     .   (no cloak)
rCorr   .          Rampage  .   j - +0 pair of gloves
Will    .....                   (no boots)
Stlth   ++........              n - amulet of reflection
HPRegen 0.08/turn               (no ring)
MPRegen 0.13/turn               (no ring)

@: grasped by roots, constricted
A: no striking features
a: Renounce Religion, Channel Magic


You were on level 3 of the Dungeon.
You worshipped Sif Muna.
Sif Muna was aware of your devotion.
You visited 1 branch of the dungeon, and saw 3 of its levels.

You collected 100 gold pieces.

Inventory:

Hand Weapons
 m - a +0 rapier (weapon)
Armour
 a - a +0 robe
 d - a +0 robe (worn)
 i - a +0 robe
 j - a +0 pair of gloves (worn)
 k - a +0 pair of gloves
Jewellery
 n - an amulet of reflection (around neck)
Scrolls
 l - 3 scrolls of teleportation
 o - a scroll of poison {unknown}
 p - a scroll of vulnerability {unknown}
Potions
 b - 2 potions of magic
 c - 2 potions of flight {unknown}
 e - a potion of curing {unknown}
 f - a potion of attraction {unknown}
 g - 2 potions of haste {unknown}
 h - a potion of heal wounds {unknown}
 q - a potion of brilliance {unknown}
 r - a potion of degeneration {unknown}


   Skills:
 - Level 2.4 Dodging
 - Level 2.4 Stealth
 * Level 4.5 Spellcasting
 + Level 2.1 Transmutations
 * Level 4.3 Earth Magic


You had 6 spell levels left.
You knew the following spells:

 Your Spells              Type           Power      Damage    Failure   Level
a - Sandblast             Erth           48%        2d12      1%          1
b - Stone Arrow           Conj/Erth      28%        3d8       13%         3
z - Passwall              Tmut/Erth      15%        N/A       4%          2

Your spell library contained the following spells:

 Spells                   Type           Power      Damage    Failure   Level
 Sting                    Tmut/Pois      36%        1d4       7%          1
 Poisonous Vapours        Pois/Air       8%         N/A       16%         2
 Petrify                  Tmut/Erth      19%        N/A       28%         4
 Olgreb's Toxic Radiance  Pois           4%         N/A       71%         4


Dungeon Overview and Level Annotations

Branches:
Dungeon (3/15)

Altars:
Kikubaaqudgha
Sif Muna

Annotations:
D:3 Natasha, Terence


Message History

Found a scroll labelled NEOZE QUDOCH.
An endoplasm comes into view.
You can't see any susceptible monsters within range! (Use Z to cast anyway.)
The endoplasm quivers.
The blast of sand hits Terence.
Terence is moderately wounded.
Terence shouts!
Terence zaps a wand.
The roots erupt in riotous growth!
The grasping roots grab you! The grasping roots constrict you.
You hear an angry hiss.
You hear a shout!
The blast of sand hits Terence but does no damage.
Terence is moderately wounded.
The grasping roots constrict you. x2
The grasping roots release their grip on you.
You are too injured to fight recklessly!
Casting: Sandblast (safe; 1% risk of failure)
Confirm with . or Enter, or press ? or * to list all spells.
Aiming: Sandblast (safe; 1% risk of failure)
Press: ? - help, Shift-Dir - straight line, f/p - Terence
Aim: Terence, wielding a +0 mace of protection, wearing a +0 scale mail and carrying a wand of roots (5) (moderately wounded, 85% to hit)
The blast of sand hits Terence but does no damage.
Terence is moderately wounded.
Terence zaps a wand.
The roots erupt in riotous growth!
The grasping roots grab you! The grasping roots constrict you.
* * * LOW HITPOINT WARNING * * *
Casting: Sandblast (safe; 1% risk of failure)
Confirm with . or Enter, or press ? or * to list all spells.
Aiming: Sandblast (safe; 1% risk of failure)
Press: ? - help, Shift-Dir - straight line, f/p - Terence
Aim: Terence, wielding a +0 mace of protection, wearing a +0 scale mail and carrying a wand of roots (4) (moderately wounded, 85% to hit)
The blast of sand hits Terence.
Terence is heavily wounded.
Terence says, "Don't bother to defend, it's senseless."
The grasping roots constrict you.
* * * LOW HITPOINT WARNING * * *
Natasha, Servant of Life and Death comes into view.
Terence closely misses you. The grasping roots constrict you.
You die...

........ #### # ......# ...## .##
#.....h ....##... #.?... .......#
....# .......# .J. .. .......#
##@## #.# ....#.# #.@.# #.#####.
...##.# #...# #.##....# ......#
#...# #.##.##.# ####..##### #...#
#.#...#.# ####..#...### #...#
###.......#
.........)..###...#####........#
.###.#..................#.†....##
.# #.#†#................#....†##.
.###.#.##...............#'###....


You could see Terence, Natasha and an endoplasm.

Vanquished Creatures
  Natasha (D:3)
  A dart slug (D:1)
  9 endoplasms
  A giant cockroach (D:1)
  4 hobgoblins
  3 quokkas
  5 ball pythons
  5 bats
  2 frilled lizards
  6 goblins (D:1)
  4 kobolds
  3 rats (D:3)
  5 rat zombies (D:3)
49 creatures vanquished.

Vanquished Creatures (others)
  3 fungi (D:3)
  2 plants (D:3)
5 creatures vanquished.

Grand Total: 54 creatures vanquished

Notes
Turn   | Place    | Note
-------+----------+-------------------------------------------
     0 | D:1      | Heoruswealwe the Deep Elf Earth Elementalist began the
                  | quest for the Orb.
     0 | D:1      | Reached XP level 1. HP: 10/10 MP: 6/6
   231 | D:1      | Reached XP level 2. HP: 15/15 MP: 4/8
   298 | D:1      | Learned a level 2 spell: Passwall
   688 | D:1      | Reached XP level 3. HP: 19/19 MP: 5/10
   869 | D:2      | Learned a level 3 spell: Stone Arrow
  1812 | D:3      | Found a faded altar of an unknown god.
  1827 | D:3      | Prayed at the altar of an unknown god.
  1827 | D:3      | Became a worshipper of Sif Muna the Loreminder
  1827 | D:3      | Reached * piety under Sif Muna
  1886 | D:3      | Found an ancient bone altar of Kikubaaqudgha.
  2109 | D:3      | Noticed Natasha
  2114 | D:3      | Killed Natasha
  2115 | D:3      | Reached XP level 4. HP: 18/24 MP: 5/12
  2147 | D:3      | Noticed Terence
  2154 | D:3      | Noticed Natasha
  2154 | D:3      | Constricted to death by Terence

Illustrated notes

Levels and vault maps discovered:
D:1:      dpeg_arrival_round_a, layout_basic
D:2:      layout_basic, kennysheep_donut, nicolae_titane
D:3:      layout_loops_cross, lemuel_zombie_altar_kikubaaqudgha,
          shapermc_ecumenical_altar_acropolis, supply_closet_lemuel,
          uniq_natasha, uniq_terence

Skill      XL: |  1  2  3 |
---------------+----------+-----
Spellcasting   | 4 |  4.5
Earth Magic    | 4 |  4.3
Transmutations | 2 |  2.1
Dodging        | |  2.4
Stealth        | |  2.4

Action                   |  1- 3 |  4- 6 || total
-------------------------+-------+-------++-------
Melee: Rapier            |    23 |       ||    23
 Cast: Sandblast         |    66 |     5 ||    71
       Passwall          |     7 |       ||     7
  Use: Scroll            |     4 |       ||     4
Armor: Robe              |     3 |       ||     3
Dodge: Dodged            |    14 |     1 ||    15
Block: Other             |     2 |     1 ||     3
       Reflection        |     1 |       ||     1
